Unix NetHack Version 5.0.0-0 post-release - last build May 23 2026 06:08:33 (1c0ff79ee797540d5714e4e18072db0edd9e58ae,branch:main).

Game began 2026-05-26 19:36:04, ended 2026-05-26 20:51:44.

CyberFan, lawful male dwarven Caveman

                          ------------------------
                          |[..)......*........^..|
                          |?-------------------..|
                          |@|        -----    |.----
                          |.|        |...--  --.|..|
                          |h|        |....|--|.....|
                          |.|        |....|..|.....|
                          |.|        --....))|....--
                          |:|------   |...|.......|
                          |.|.....|-- |...|..|....|
                          |%|$......| |=..|---....|
                          |c|.....|-| --..|.......|
                          |.%...$.-?|  --.|..0.----
                          --|.....|-|   |.--.---
                            |.....-.|   |.....|
                            |.....|--   |..|.>|
                            -------     -------

CyberFan the Wanderer    St:18/01 Dx:11 Co:17 In:10 Wi:8 Ch:8  Lawful
Dlvl:2  $:2779 HP:0(88) Pw:15(15) AC:-6 Xp:9/3164 T:7932 

Latest messages:
 You see here a wand of magic missile.
 You see here a wand of magic missile.
 You swap places with the peaceful dwarf.
 There are many objects here.
 There is a doorway here.
 You see here a looking glass.
 There are many objects here.
 You hit the winter wolf cub!
 The winter wolf cub misses!
 You hit the winter wolf cub!
 The winter wolf cub bites!
 You kill the winter wolf cub!
 You hit the yeti!
 The yeti misses!
 The yeti hits!
 The yeti bites!
 You hit the yeti!
 The yeti misses!
 The yeti hits!
 The yeti misses!
 You kill the yeti!
 You hit the brown pudding!
 You hit the brown pudding!
 You hit the brown pudding!
 You kill the brown pudding!
 The goblin misses!
 The goblin picks up a small glob of brown pudding.
 What do you want to use or apply? [finoquBJLOTW-Z or ?*]
 Never mind.
 The goblin misses!
 You kill the goblin!
 The pyrolisk attacks you with a fiery gaze!
 Your boots smoulder!
 Your magic lamp catches light!
 Your lamp catches light!
 You hit the crocodile!
 You hit the crocodile!
 The crocodile bites!
 The crocodile hits!
 The crocodile bites!
 The crocodile hits!
 The pyrolisk attacks you with a fiery gaze!
 There are many objects here.
 You see here a wand of magic missile.
 You stop.  The dwarf is in the way!
 You swap places with the peaceful dwarf.
 What do you want to use or apply? [finoquBJLOTW-Z or ?*]
 Your lamp is now off.
 The pyrolisk attacks you with a fiery gaze!
 You die...

Inventory:
 Coins    ('$')
  $ - 2779 gold pieces
 Amulets  ('"')
  c - an uncursed amulet of unchanging (being worn)
 Weapons  (')')
  t - the uncursed +1 Demonbane (weapon in right hand)
 Armor    ('[')
  R - an uncursed +0 dwarvish iron helm (being worn)
  a - an uncursed +0 pair of leather gloves (being worn)
  h - an uncursed burnt +0 pair of water walking boots (being worn)
  S - an uncursed +0 dwarvish roundshield (being worn)
  P - an uncursed +0 dwarvish cloak (being worn)
  p - a blessed greased +2 gold dragon scale mail (being worn, radiantly lit)
 Comestibles  ('%')
  E - 4 uncursed food rations
  N - 3 uncursed K-rations
  M - an uncursed homemade tin of lizard meat
 Scrolls  ('?')
  A - an uncursed scroll of amnesia
  r - 3 uncursed scrolls of blank paper
  Q - a cursed scroll of confuse monster
  s - a blessed scroll of create monster
  x - a blessed scroll of enchant armor
  y - a cursed scroll of enchant armor
  g - a blessed scroll of enchant weapon
  e - an uncursed scroll of enchant weapon
  l - an uncursed scroll of identify
  m - an uncursed scroll of magic mapping
  z - an uncursed scroll of remove curse
  w - a cursed scroll of remove curse
 Potions  ('!')
  b - an uncursed potion of blindness
  H - an uncursed potion of booze
  F - an uncursed potion of gain energy
  D - an uncursed potion of hallucination
  j - 3 uncursed potions of healing
  d - an uncursed potion of levitation
  C - an uncursed potion of see invisible
  k - an uncursed potion of speed
 Rings    ('=')
  K - a cursed ring of aggravate monster
  v - a blessed +1 ring of increase damage
 Wands    ('/')
  O - an uncursed wand of cancellation (0:7)
  T - an uncursed wand of create monster (0:0)
  q - an uncursed wand of digging (0:7)
  f - a cursed wand of digging (0:6)
  W - an uncursed wand of magic missile (0:3)
  B - an uncursed wand of make invisible (0:7)
  i - an uncursed wand of nothing (0:11)
  X - an uncursed wand of polymorph (0:3)
  Y - an uncursed wand of slow monster (0:7)
  n - an uncursed wand of speed monster (0:8)
  u - an uncursed wand of wishing (0:1)
 Tools    ('(')
  o - an uncursed magic lamp
  L - an uncursed magic whistle
  Z - a blessed oil lamp (lit)
  J - an uncursed tinning kit (0:41)
 Gems/Stones  ('*')
  U - an uncursed citrine stone
  I - an uncursed topaz stone
  V - an uncursed worthless piece of yellow glass
  G - 4 uncursed worthless pieces of yellowish brown glass

CyberFan the Caveman's attributes:

Background:
 You were a Wanderer, a level 9 dwarven Caveman.
 You were lawful, on a mission for Anu
 who was opposed by Ishtar (neutral) and Anshar (chaotic).
 You were right-handed.
 You were in Sokoban, on level 2.
 You entered the dungeon 7932 turns ago.
 You had 3164 experience points, 1956 more were needed to attain level 10.

Basics:
 You had 0 out of 88 hit points.
 You had all 15 energy points (spell power).
 Your armor class was -6.
 Your wallet contained 2779 zorkmids.
 Autopickup was on for '$%?!"=/*', with exceptions.

Final Characteristics:
 Your strength was 18/01 (limit:18/100).
 Your dexterity was 11 (limit:20).
 Your constitution was 17 (peak:18, limit:20).
 Your intelligence was 10 (limit:16).
 Your wisdom was 8 (limit:16).
 Your charisma was 8 (limit:16).

Final Status:
 You weren't hungry.
 You were unencumbered.
 You were wielding a mace.
 You had expert skill with mace.

Final Attributes:
 You were piously aligned.
 Your items were somewhat protected from fire.
 Your items were somewhat protected from cold.
 You resisted hallucinations.
 You were telepathic.
 You had infravision.
 You could walk on water.
 You were warded.
 You couldn't change from your current form.
 You were fast.
 You are dead.

Miscellaneous:
 You disabled loading and storing of bones levels.
 Total elapsed playing time was 1 hour, 11 minutes and 29 seconds.

Major events:
 Turn
    1: CyberFan the lawful dwarven Caveman entered the dungeon
  445: entered the Gnomish Mines
 1115: attained the rank of Aborigine (level 3)
 2889: reached Mine Town
 3016: made his first wish - "blessed greased +2 gold dragon scale mail", got "a greased gold dragon scale mail"
 3242: was bestowed with Demonbane by Anu
 4010: attained the rank of Wanderer (level 6)
 4926: entered Sokoban
 5469: completed 1st Sokoban level
 6261: completed 2nd Sokoban level
 6633: completed 3rd Sokoban level
 7383: completed 4th Sokoban level
 7932: killed by a pyrolisk

You didn't know any spells.

Skills:
 Fighting Skills
   bare handed combat [Basic]
 Weapon Skills
   dagger             [Unskilled]
   knife              [Unskilled]
   axe                [Unskilled]
   pick-axe           [Unskilled]
   club               [Basic]
   mace               [Expert]
   morning star       [Unskilled]
   flail              [Unskilled]
   hammer             [Unskilled]
   quarterstaff       [Unskilled]
   polearms           [Unskilled]
   spear              [Unskilled]
   trident            [Unskilled]
   bow                [Unskilled]
   sling              [Basic]
   boomerang          [Unskilled]
   unicorn horn       [Unskilled]
 Spellcasting Skills
   attack spells      [Unskilled]
   matter spells      [Unskilled]

Voluntary challenges:
 Character rerolling was not enabled.
 You never genocided any monsters.
 You never changed form.
 You used 1 wish.
 You did not wish for any artifacts.
 You violated the special Sokoban rules thrice.
Achievements:
 You entered the Gnomish Mines.
 You entered a shop.
 You attained the rank of Aborigine.
 You entered Minetown.
 You entered a temple.
 You attained the rank of Wanderer.
 You entered Sokoban.

 The Dungeons of Doom: levels 1 to 7
    Level 1:
    Level 2:
       A fountain, a sink.
       Stairs down to The Gnomish Mines.
    Level 3:
       A general store.
    Level 4:
       An altar, some fountains, a grave.
    Level 5:
       Many fountains.
    Level 6:
       A sink, a grave.
       Stairs up to Sokoban, level 5.
    Level 7:
       A grave.
 The Gnomish Mines: levels 3 to 7
    Level 3:
    Level 4:
    Level 5:
    Level 6:
       Many shops, a temple and an altar to Anu, some fountains.
    Level 7:
 Sokoban: levels 5 up to 2
    Level 2: <- You were here.
       Solved.
       Final resting place for
          you, killed by a pyrolisk.
    Level 3:
       Solved.
    Level 4:
       Solved.
    Level 5:
       Solved.


Vanquished creatures:
  a stalker
  a giant zombie
  a warg
  2 quantum mechanics
  a large dog
  a freezing sphere
  a large cat
  a gargoyle
 an ochre jelly
  2 human mummies
  a python
  a wraith
  2 soldiers
  a cockatrice
  5 wolves
  a winter wolf cub
  a lynx
  a spotted jelly
  a leprechaun
 an orc mummy
  a brown pudding
  a rust monster
 an owlbear
  2 yetis
  a werewolf
  a Green-elf
  3 lizards
  a dog
  2 dust vortices
  a raven
  a gnome mummy
  2 snakes
 an ape
  a human zombie
  2 Woodland-elves
  a bugbear
  a quasit
  2 water nymphs
  8 Uruk-hai
  a rock piercer
  a rock mole
  2 ponies
  a yellow light
  2 shriekers
  3 gnome leaders
  a kobold mummy
  2 elf zombies
  a paper golem
  2 giant ants
  a floating eye
  2 kittens
  5 dwarves
  2 homunculi
  a kobold leader
  2 kobold shamans
  9 hill orcs
  4 rothes
  3 centipedes
  2 giant bats
  3 orc zombies
  a dwarf zombie
  2 wererats
  a werejackal
  4 killer bees
  2 acid blobs
  a coyote
 10 hobbits
  5 hobgoblins
  4 giant rats
  a brown mold
 15 gnomes
 15 garter snakes
  a gnome zombie
  8 geckos
 19 jackals
  2 foxes
  4 kobolds
  4 goblins
  2 sewer rats
  7 grid bugs
  3 lichens
  a kobold zombie
  6 newts
228 creatures vanquished.

No species were genocided or became extinct.

Game over:
                       ----------
                      /          \
                     /    REST    \
                    /      IN      \
                   /     PEACE      \
                  /                  \
                  |     CyberFan     |
                  |     2779 Au      |
                  |   killed by a    |
                  |     pyrolisk     |
                  |                  |
                  |                  |
                  |       2026       |
                 *|     *  *  *      | *
        _________)/\\_//(\/(/\)/\//\/|_)_______

Goodbye CyberFan the Caveman...

You died in Sokoban on dungeon level 2 with 15048 points,
and 2779 pieces of gold, after 7932 moves.
You were level 9 with a maximum of 88 hit points when you died.

